 Dungeon Crawl Stone Soup version 0.26-a0-597-gb535b0901c (webtiles) character file.

Game seed: 12902441134621289430

3736 Lugonue the Thaumaturge (level 9, -5/45 HPs)
             Began as a Deep Elf Conjurer on Sept 15, 2020.
             Was an Elder of Vehumet.
             Slain by a wyvern (14 damage)
             ... on level 9 of the Dungeon.
             The game lasted 00:20:27 (10221 turns).

Lugonue the Thaumaturge (Deep Elf Conjurer)        Turns: 10221, Time: 00:20:27

Health: -5/45      AC:  4    Str:  4    XL:     9   Next: 93%
Magic:  11/34      EV: 12    Int: 27    God:    Vehumet [****..]
Gold:   400        SH:  8    Dex: 13    Spells: 4/29 levels left

rFire    . . .     SeeInvis .   (no weapon)
rCold    . . .     Faith    +   g - +0 kite shield
rNeg     . . .     Spirit   .   m - +0 leather armour
rPois    .         Reflect  .   (no helmet)
rElec    .         Harm     .   e - +0 cloak
rCorr    .                      (no gloves)
MR       .....                  (no boots)
Stlth    +++.......             w - amulet of faith
HPRegen  0.15/turn              y - +4 ring of slaying
MPRegen  0.24/turn              B - ring of magical power

@: no status effects
A: no striking features
a: Renounce Religion


You were on level 9 of the Dungeon.
You worshipped Vehumet.
Vehumet was greatly pleased with you.
You visited 1 branch of the dungeon, and saw 9 of its levels.

You collected 400 gold pieces.

Inventory:

Missiles
 q - 28 poisoned darts (quivered)
Armour
 e - a +0 cloak (worn)
 g - a +0 kite shield (worn)
 m - a +0 leather armour (worn)
Jewellery
 h - a +6 ring of strength
 w - an amulet of faith (around neck)
 y - a +4 ring of slaying (left hand)
 B - a ring of magical power (right hand)
Wands
 l - a wand of random effects (29)
 A - a wand of polymorph (9)
Scrolls
 b - 5 scrolls of teleportation
 c - 3 scrolls of magic mapping
 s - 3 scrolls of blinking
 u - a scroll of enchant weapon
 v - 5 scrolls of remove curse
Potions
 a - a potion of cancellation {unknown}
 d - a potion of mutation
 f - 3 potions of stabbing
 i - a potion of magic
 j - 2 potions of flight
 k - 4 potions of curing
 n - 2 potions of might
 o - a potion of resistance {unknown}
 p - a potion of ambrosia {unknown}
 r - a potion of haste {unknown}
 t - a potion of brilliance {unknown}
 x - a potion of invisibility {unknown}
 z - 2 potions of heal wounds


   Skills:
 + Level 0.3 Fighting
 + Level 1.5 Throwing
 + Level 2.2 Armour
 * Level 6.0 Dodging
 + Level 4.8 Stealth
 * Level 5.3 Shields
 + Level 10.6 Spellcasting
 + Level 8.2 Conjurations
 + Level 1.3 Hexes
 + Level 2.8 Fire Magic
 + Level 1.0 Ice Magic


You had 4 spell levels left.
You knew the following spells:

 Your Spells              Type           Power        Failure   Level
a - Magic Dart            Conj           ####         1%          1
b - Searing Ray           Conj           ######       1%          2
c - Inner Flame           Hex/Fire       ####....     9%          3
d - Blink                 Tloc           N/A          36%         2
e - Freeze                Ice            ###.         4%          1
f - Slow                  Hex            ###.....     22%         2
g - Iskenderun's Mystic   Conj/Tloc      #####...     12%         4
h - Mephitic Cloud        Conj/Pois/Air  ####....     7%          3
i - Static Discharge      Conj/Air       #####...     4%          3
j - Foxfire               Conj/Fire      ####         1%          1
k - Frozen Ramparts       Ice            ###...       13%         3

Your spell library contained the following spells:

 Spells                   Type           Power        Failure   Level
 Iskenderun's Battlesphe  Conj           ######..     7%          5
 Conjure Flame            Conj/Fire      #####...     2%          3
 Dazzling Flash           Conj/Hex       #####.       3%          3
 Sticky Flame             Conj/Fire      #####...     7%          4
 Fulminant Prism          Conj/Hex       #####.....   10%         4
 Hailstorm                Conj/Ice       #####...     11%         4
 Corona                   Hex            ###....      14%         1
 Ensorcelled Hibernation  Hex/Ice        ###...       22%         2
 Call Imp                 Summ           ##......     36%         2
 Confusing Touch          Hex            ###.....     41%         3
 Tukima's Dance           Hex            ###.....     41%         3
 Ozocubu's Armour         Ice            ###.....     43%         3
 Portal Projectile        Hex/Tloc       ###...       50%         3
 Cause Fear               Hex            ###.......   82%         4
 Leda's Liquefaction      Hex/Erth       ###.......   88%         4
 Summon Ice Beast         Ice/Summ       ###.....     89%         4
 Fireball                 Conj/Fire      #####.....   17%         5


Dungeon Overview and Level Annotations

Branches:
Dungeon (9/15)             Temple (0/1) D:7
   Lair: D:8-11         Orc: D:9-12

Altars:
Ashenzari
Cheibriados
Dithmenos
Elyvilon
Fedhas
Makhleb
Okawaru
Qazlal
Sif Muna
Trog
Uskayaw
Vehumet
Xom
Yredelemnul
The Shining One

Shops:
D:4 (

Annotations:
D:2 exclusion: oklob plant


Message History

Aiming: Searing Ray (safe; 1% risk of failure)
Press: ? - help, Shift-Dir - straight line, f - orc wizard
Aim: an orc wizard, wielding a +0 dagger and wearing a +1 robe of cold resistance (severely wounded, fast)
The searing ray hits the orc wizard!
You kill the orc wizard!
Vehumet accepts your kill.
You feel your power returning.
Your Dodging skill increases to level 6! (Press . to maintain the ray.)
You feel sick.
You are no longer poisoned.
The searing ray hits the wyvern!
The wyvern is severely wounded.
The searing ray hits the orc!
You kill the orc!
Vehumet accepts your kill.
You feel your power returning. The wyvern bites you!
* * * LOW HITPOINT WARNING * * *
The wyvern bites you!
You die...

#... ..(. #.).###
.... #...... ......)
#...... ........#[.#
#...).. ...#.......#
#......##.#.#.#.....#
.....$)...#.#.#...#.#
#l###.........##
#.@.....#.......
####....#...#
#........####
#...#......<#
#...#.####### #.#.#(.
...#...## #........
###.#####


You could see a wyvern.

Vanquished Creatures
  A hornet (D:9)
  Edmund (D:4)
  Menkaure (D:6)
  A sky beast (D:8)
  3 orc warriors
  An ice beast (D:7)
  3 phantoms
  4 ogres
  2 centaurs (D:8)
  Blork the orc (D:4)
  5 bullfrogs
  10 killer bees (D:8)
  2 howler monkeys
  A crimson imp (D:8)
  A centaur zombie (D:8)
  A bullfrog zombie (D:6)
  2 jellies
  6 orc priests
  2 hounds
  6 orc wizards
  An iron imp (D:6)
  A centaur skeleton (D:5)
  Ijyb (D:5)
  An iguana (D:8)
  7 worker ants
  A hound zombie (D:7)
  A hound skeleton (D:5)
  8 adders
  2 river rats (D:3)
  4 white imps
  2 ufetubi
  2 oozes
  An adder skeleton (D:8)
  An adder zombie (D:8)
  4 worms
  3 leopard geckos
  26 orcs
  A ball python (D:3)
  5 giant cockroaches
  9 goblins
  5 hobgoblins
  13 jackals
  5 quokkas
  8 bats
  5 frilled lizards
  2 goblin skeletons (D:6)
  A goblin zombie (D:6)
  3 hobgoblin zombies (D:6)
  A jackal skeleton (D:7)
  8 kobolds
  2 orc skeletons (D:6)
  An orc zombie (D:6)
  14 rats
203 creatures vanquished.

Vanquished Creatures (others)
  5 dream sheep (D:6)
  64 foxfires
  3 fungi (D:3)
  4 plants
76 creatures vanquished.

Grand Total: 279 creatures vanquished

Notes
Turn   | Place    | Note
-------+----------+-------------------------------------------
     0 | D:1      | Lugonue the Deep Elf Conjurer began the quest for the Orb.
     0 | D:1      | Reached XP level 1. HP: 10/10 MP: 6/6
   280 | D:1      | Reached XP level 2. HP: 15/15 MP: 6/8
  1364 | D:2      | Learned a level 2 spell: Searing Ray
  1374 | D:2      | Found a radiant altar of Vehumet.
  1527 | D:2      | Found a blossoming altar of Fedhas.
  1541 | D:2      | Noticed an oklob plant
  1656 | D:2      | Found a shadowy altar of Dithmenos.
  1665 | D:2      | Reached XP level 3. HP: 19/19 MP: 7/10
  1668 | D:2      | Reached skill level 5 in Conjurations
  1867 | D:2      | Became a worshipper of Vehumet
  2511 | D:2      | Reached skill level 4 in Spellcasting
  2712 | D:2      | Found a shimmering blue altar of Sif Muna.
  2982 | D:3      | Found a stormy altar of Qazlal.
  2991 | D:3      | Found a blossoming altar of Fedhas.
  3061 | D:3      | Noticed a moth of wrath
  3063 | D:3      | Found a bloodstained altar of Trog.
  3101 | D:3      | Reached XP level 4. HP: 24/24 MP: 10/12
  3436 | D:3      | Reached * piety under Vehumet
  3436 | D:3      | Offered knowledge of Foxfire by Vehumet.
  3439 | D:3      | Learned a level 1 spell: Foxfire
  3693 | D:3      | Reached skill level 5 in Spellcasting
  3755 | D:3      | Found a glowing golden altar of the Shining One.
  3759 | D:3      | Reached skill level 1 in Shields
  3906 | D:3      | Reached XP level 5. HP: 28/28 MP: 5/14
  3996 | D:3      | Found a hide-covered altar of Uskayaw.
  4183 | D:4      | Noticed Blork the orc
  4192 | D:4      | Killed Blork the orc
  4314 | D:4      | Reached XP level 6. HP: 32/32 MP: 13/16
  4693 | D:4      | Reached skill level 1 in Armour
  4819 | D:4      | Noticed Edmund
  4865 | D:4      | Found Haxzuot's Antique Weapon Emporium.
  4943 | D:4      | Found a burning altar of Makhleb.
  5279 | D:4      | Killed Edmund
  5279 | D:4      | Reached skill level 6 in Spellcasting
  5625 | D:5      | Entered Level 5 of the Dungeon
  5632 | D:5      | Reached XP level 7. HP: 36/36 MP: 14/18
  5886 | D:5      | Found a snail-covered altar of Cheibriados.
  6188 | D:5      | Learned a level 2 spell: Blink
  6364 | D:5      | Noticed Ijyb
  6373 | D:5      | Killed Ijyb
  6373 | D:5      | Reached skill level 7 in Spellcasting
  6676 | D:6      | Reached ** piety under Vehumet
  6676 | D:6      | Offered knowledge of Freeze by Vehumet.
  6682 | D:6      | Learned a level 1 spell: Freeze
  6689 | D:6      | Found an iron altar of Okawaru.
  6705 | D:6      | Found a white marble altar of Elyvilon.
  6900 | D:6      | Reached skill level 1 in Throwing
  6905 | D:6      | Reached skill level 1 in Fire Magic
  6905 | D:6      | Reached XP level 8. HP: 41/41 MP: 10/21
  7168 | D:6      | Found a glowing golden altar of the Shining One.
  7390 | D:6      | Noticed Menkaure
  7393 | D:6      | Killed Menkaure
  7498 | D:6      | Reached skill level 8 in Spellcasting
  7502 | D:6      | Learned a level 2 spell: Slow
  7507 | D:6      | Learned a level 4 spell: Iskenderun's Mystic Blast
  7827 | D:6      | Noticed a dream sheep
  7827 | D:6      | Noticed a dream sheep
  7827 | D:6      | Noticed a dream sheep
  7827 | D:6      | Noticed a dream sheep
  7827 | D:6      | Noticed a dream sheep
  7827 | D:6      | Found a shimmering altar of Xom.
  7830 | D:6      | Killed a dream sheep
  7832 | D:6      | Killed a dream sheep
  7832 | D:6      | Killed a dream sheep
  7833 | D:6      | Killed a dream sheep
  7834 | D:6      | Killed a dream sheep
  8441 | D:7      | Learned a level 3 spell: Mephitic Cloud
  8501 | D:7      | Offered knowledge of Static Discharge by Vehumet.
  8506 | D:7      | Learned a level 3 spell: Static Discharge
  8608 | D:7      | Reached XP level 9. HP: 15/45 MP: 17/23
  8928 | D:7      | Reached *** piety under Vehumet
  8932 | D:7      | Reached skill level 9 in Spellcasting
  8982 | D:7      | Found a staircase to the Ecumenical Temple.
  9099 | D:7      | Learned a level 3 spell: Inner Flame
  9215 | D:8      | Offered knowledge of Frozen Ramparts by Vehumet.
  9222 | D:8      | Learned a level 3 spell: Frozen Ramparts
  9234 | D:8      | Reached skill level 5 in Dodging
  9489 | D:8      | Reached skill level 1 in Hexes
  9578 | D:8      | Reached skill level 10 in Spellcasting
  9672 | D:8      | Found a shattered altar of Ashenzari.
  9966 | D:8      | Reached **** piety under Vehumet
  9995 | D:8      | Reached skill level 5 in Shields
 10011 | D:8      | Found a basalt altar of Yredelemnul.
 10195 | D:9      | Reached skill level 1 in Ice Magic
 10199 | D:9      | Offered knowledge of Iskenderun's Battlesphere by Vehumet.
 10221 | D:9      | Slain by a wyvern

Illustrated notes

Levels and vault maps discovered:
D:1:      dpeg_arrival_ternary, layout_basic, hangedman_decor_points,
          minmay_misc_feat_ornament, serial_bayou_crossing
D:2:      layout_loops_ring, fiery_altar_vehumet, led_sif_pool,
          grunt_dithmenos_smoke, corner_web_ring, tgw_fedhas
D:3:      layout_loops_ring, grunt_temple_overflow_forces_of_nature, tgw_trog,
          old_standard_altar, marbit_many_paths, gup_sewer_entry_spiral
D:4:      layout_gridville, kennysheep_mini_moat, serial_shops,
          nicolae_shop_stone, serial_forest, infiniplex_forest_lined_2,
          infiniplex_forest_lined_3_way, infiniplex_forest_lined_3_way,
          infiniplex_forest_clump_large, infiniplex_forest_straight_3,
          infiniplex_forest_lined_corner, infiniplex_forest_straight_2,
          infiniplex_forest_clump_small, infiniplex_forest_clump_tiny,
          uniq_edmund, uniq_blork_the_orc
D:5:      layout_basic, lemuel_doored_altar, supply_closet_lemuel, uniq_ijyb
D:6:      layout_layer_cave, kennysheep_okawaru_gauntlet, elyvilon_altar_4,
          kb_xom_exploding_sheep, nicolae_tso_besieged_by_evil, uniq_menkaure
D:7:      layout_basic, temple_hall, kennysheep_nub, minmay_liquid_box
D:8:      layout_rooms, kennysheep_little_box, ashenzari_conservatory_becter,
          minmay_fire_ice_demons
D:9:      layout_basic, grunt_lair_entry_orc_guard_hut

Skill      XL: |  1  2  3  4  5  6  7  8  9 |
---------------+----------------------------+-----
Conjurations   | 5 6 7 8 |  8.2
Spellcasting   | 4 5 6 7 8 10 | 10.6
Shields        | 1 2 4 5 |  5.3
Stealth        | 3 4 |  4.8
Armour         | 1 2 |  2.2
Dodging        | 3 4 6 |  6.0
Throwing       | 1 |  1.5
Fire Magic     | 1 2 |  2.8
Hexes          | 1 |  1.3
Ice Magic      | 1 |  1.0
Fighting       | |  0.3

Action                   |  1- 3 |  4- 6 |  7- 9 || total
-------------------------+-------+-------+-------++-------
Throw: Dart              |       |     8 |       ||     8
 Cast: Magic Dart        |    55 |    47 |    90 ||   192
       Searing Ray       |     3 |    26 |    76 ||   105
       Foxfire           |       |     6 |    34 ||    40
       Slow              |       |       |     1 ||     1
       Inner Flame       |       |       |     7 ||     7
       Freeze            |       |       |     4 ||     4
       Frozen Ramparts   |       |       |     2 ||     2
  Use: Scroll            |     3 |     4 |    11 ||    18
Armor: Robe              |     2 |       |     3 ||     5
       Leather armour    |     1 |     5 |     2 ||     8
Dodge: Dodged            |     8 |     9 |    29 ||    46
Block: Kite shield       |     1 |     8 |    11 ||    20

Table legend: (Time is in decaauts)
 A = Elapsed time spent in this place.
 B = Non-inter-level travel time spent in this place.
 C = Inter-level travel time spent in this place.
 D = Time resting spent in this place.
 E = Time spent auto-exploring this place.
 F = Levels seen in this place.
 G = Mean time per level.
                   A        B        C        D        E       F      G
               +--------+--------+--------+--------+--------+-----+--------+
         Total |  10267 |   9899 |    368 |   1193 |   7375 |   9 | 1140.8 |
       Dungeon |  10267 |   9899 |    368 |   1193 |   7375 |   9 | 1140.8 |
               +--------+--------+--------+--------+--------+-----+--------+

Top non-repeatable levels by time:
     D:2: 1635 daAuts
     D:4: 1559 daAuts
     D:6: 1434 daAuts
     D:3: 1266 daAuts
     D:1: 1208 daAuts
     D:7: 1064 daAuts
     D:8: 1050 daAuts
     D:5: 994 daAuts
     D:9: 55 daAuts
